 Dungeon Crawl Stone Soup version 0.28-a0-938-gbc3f381ebc (webtiles) character file.

Game seed: 11228934034454285319

56 greenreed the Magician (level 4, 0/31 HPs)
             Began as a Djinni Ice Elementalist on Nov 28, 2021.
             Slain by Natasha (2 damage)
             ... on level 2 of the Dungeon.
             The game lasted 00:05:44 (1567 turns).

greenreed the Magician (Djinni Ice Elementalist)    Turns: 1567, Time: 00:05:45

Health: 0/31       AC:  2    Str:  7    XL:     4   Next: 15%
Gold:   51         EV: 12    Int: 17    God:
                   SH:  0    Dex: 14

rFire   + + .      SeeInvis .   e - +1 dagger (elec)
rCold   x . .      Faith    .   (no shield)
rNeg    . . .      Spirit   .   a - +0 robe
rPois   ∞          Reflect  .   (no helmet)
rElec   .          Harm     .   (no cloak)
rCorr   .          Rampage  .   (no gloves)
Will    .....                   (boots unavailable)
Stlth   ++........              (no amulet)
HPRegen 0.10/turn               (no ring)
MPRegen 0.00/turn               (no ring)

@: flying
A: sickness immunity, fire resistance 2, cold vulnerability 1, float, innate
caster, hp casting, extra vitality 1
a: no special abilities


You were on level 2 of the Dungeon.
You visited 1 branch of the dungeon, and saw 2 of its levels.

You collected 51 gold pieces.

Inventory:

Hand Weapons
 e - a +1 dagger of electrocution (weapon)
 f - a +0 dagger of draining
Missiles
 g - 8 poisoned darts
 h - 2 throwing nets
Armour
 a - a +0 robe (worn)
Scrolls
 b - a scroll of enchant weapon
 c - a scroll of enchant armour {unknown}
 d - a scroll of vulnerability {unknown}
 i - 2 scrolls of identify {unknown}
 k - a scroll of blinking {unknown}
Potions
 j - a potion of brilliance {unknown}


   Skills:
 + Level 0.2 Fighting
 + Level 0.2 Short Blades
 + Level 2.3 Dodging
 + Level 1.6 Stealth
 - Level 0.2 Unarmed Combat
 * Level 4.1 Spellcasting


You couldn't memorise any spells.
You knew the following spells:

 Your Spells              Type           Power      Damage    Failure   Level
a - Freeze                Ice            68%        1d8       2%          1
b - Frozen Ramparts       Ice            34%        1d5       9%          3
c - Ozocubu's Armour      Ice            17%        N/A       9%          3
d - Hailstorm             Conj/Ice       17%        3d6       28%         4
e - Sandblast             Erth           34%        2d9       2%          1
Your spell library was empty.

Dungeon Overview and Level Annotations

Branches:
Dungeon (2/15)

Altars:

Annotations:
D:2 Natasha


Innate Abilities, Weirdness & Mutations

You are immune to sickness and miasma.
You are immune to poison.
Your flesh is very heat resistant. (rF++)
You are vulnerable to cold. (rC-)
You float through the air rather than walking.
You learn spells naturally, not from books.
Your magical power is your life essence.
You have superior vitality. (+4 HP)


Message History

You see here a ball python corpse.
Found a stone staircase leading down.
You now have 51 gold pieces (gained 15).
A goblin comes into view.
It is wielding a +0 club and quivering poisoned darts.
The goblin moves out of view.
i - 2 scrolls labelled TUOKEWKAYHI (gained 1) Natasha, Servant of Life and Death comes into view.
Natasha moves out of view.
Natasha hisses angrily.
Natasha casts a spell at you. The magic dart hits you. Natasha claws you.
Casting: Freeze (safe; 2% risk of failure)
Confirm with . or Enter, or press ? or * to list all spells.
Aiming: Freeze (safe; 2% risk of failure)
Press: ? - help, Shift-Dir - straight line, f - Natasha
Aim: Natasha You freeze Natasha.
Natasha is moderately wounded.
Natasha claws you.
You closely miss Natasha.
Natasha is moderately wounded.
Natasha claws you!
* * * LOW HITPOINT WARNING * * *
Press: ? - help, v - describe, . - travel The floor.
Okay, then.
As you read the scroll labelled TASA HOYCOEWKU, it crumbles to dust.
It is a scroll of enchant weapon.
Your +0 dagger of electrocution glows red for a moment.
Natasha casts a spell at you. The magic dart hits you.
* * * LOW HITPOINT WARNING * * *
You closely miss Natasha.
Natasha is moderately wounded.
Natasha barely misses you.
You hit Natasha.
Natasha is heavily wounded.
Natasha claws you.
You die...

#.# #.# #.# .#
######.####....
..............# ##...##
#.#.#.# #. ## #...## .. .
##@## ####... #.##h## #
.......###.#...#######
###.##..................#
^##.##..###.#.#...#####.#
.##.#...#.#.#.##.##
.##...##.##.#.##.#
..#...#.#.....>#.#
#...##.##....#...#


You could see Natasha.

Vanquished Creatures
  Natasha (D:2)
  A dart slug (D:2)
  2 endoplasms
  6 goblins
  2 hobgoblins (D:2)
  3 quokkas
  4 ball pythons
  A bat (D:2)
  2 frilled lizards (D:1)
  4 kobolds (D:1)
  A rat (D:2)
27 creatures vanquished.

Notes
Turn   | Place    | Note
-------+----------+-------------------------------------------
     0 | D:1      | greenreed the Djinni Ice Elementalist began the quest for
                  | the Orb.
     0 | D:1      | Reached XP level 1. HP: 15/15 MP: 0/0
     2 | D:1      | Noticed a formicid
     4 | D:1      | Noticed a felid
     4 | D:1      | Noticed a tengu
     6 | D:1      | Noticed a demigod
     8 | D:1      | Noticed a troll
    10 | D:1      | Noticed a gargoyle
    12 | D:1      | Noticed a ghoul
    12 | D:1      | Noticed a human
    14 | D:1      | Noticed a vine stalker
    14 | D:1      | Noticed a demonspawn
    16 | D:1      | Noticed a spriggan
    16 | D:1      | Noticed a dwarf
    18 | D:1      | Noticed an octopode
    18 | D:1      | Noticed a naga
    20 | D:1      | Noticed an ogre
    20 | D:1      | Noticed an elf
    22 | D:1      | Noticed a minotaur
    22 | D:1      | Noticed a vampire
    24 | D:1      | Noticed a merfolk
    26 | D:1      | Noticed a draconian
   353 | D:1      | Reached XP level 2. HP: 9/21 MP: 0/0
  1300 | D:2      | Reached XP level 3. HP: 24/25 MP: 0/0
  1300 | D:2      | Learned a level 1 spell: Sandblast
  1305 | D:2      | Noticed Natasha
  1308 | D:2      | Killed Natasha
  1309 | D:2      | Reached skill level 4 in Spellcasting
  1408 | D:2      | Reached XP level 4. HP: 24/31 MP: 0/0
  1556 | D:2      | Noticed Natasha
  1567 | D:2      | Slain by Natasha

Illustrated notes

Levels and vault maps discovered:
D:1:      kb_arrival_jail, layout_basic
D:2:      layout_loops_ring, chequers_ecumenical_altar_simple_redux,
          minmay_vboxes, uniq_sigmund, uniq_jessica, uniq_natasha

Skill      XL: |  1  2  3 |
---------------+----------+-----
Spellcasting   | 4 |  4.1
Fighting       | |  0.2
Short Blades   | |  0.2
Dodging        | |  2.3
Stealth        | |  1.6
Unarmed Combat | |  0.2

Action                   |  1- 3 |  4- 6 || total
-------------------------+-------+-------++-------
Melee: Unarmed           |     1 |       ||     1
       Dagger            |    26 |    19 ||    45
 Cast: Freeze            |    26 |     2 ||    28
  Use: Scroll            |       |     1 ||     1
Armor: Robe              |     7 |     2 ||     9
Dodge: Dodged            |    26 |     8 ||    34

Table legend: (Time is in decaauts)
 A = Elapsed time spent in this place.
 B = Non-inter-level travel time spent in this place.
 C = Inter-level travel time spent in this place.
 D = Time resting spent in this place.
 E = Time spent auto-exploring this place.
 F = Levels seen in this place.
 G = Mean time per level.
                   A        B        C        D        E       F      G
               +--------+--------+--------+--------+--------+-----+--------+
         Total |   1566 |   1538 |     28 |    461 |    790 |   2 |  783.0 |
       Dungeon |   1566 |   1538 |     28 |    461 |    790 |   2 |  783.0 |
               +--------+--------+--------+--------+--------+-----+--------+

Top non-repeatable levels by time:
     D:1: 1268 daAuts
     D:2: 297 daAuts
